 Dungeon Crawl Stone Soup version 0.23.2-33-g5129a83184 (webtiles) character file.

Game seed: 11509546288336031185

4429 Folque the Destroyer (level 9, 0/85 HPs)
             Began as a Demigod Conjurer on July 28, 2019.
             Slain by a three-headed hydra (6 damage)
             ... on level 8 of the Dungeon.
             The game lasted 00:27:49 (9516 turns).

Folque the Destroyer (Demigod Conjurer)             Turns: 9516, Time: 00:27:50

Health: 0/85       AC: 31    Str: 15    XL:     9   Next: 92%
Magic:  0/18       EV:  2    Int: 23    God:
Gold:   470        SH:  0    Dex: 16    Spells: 2/16 levels left

rFire    . . .     SeeInvis .   v - +3 flail (protect)
rCold    . . .     Gourm    .   (no shield)
rNeg     + + +     Faith    .   (armour currently unavailable)
rPois    +         Spirit   .   (helmet currently unavailable)
rElec    .         Reflect  .   (cloak currently unavailable)
rCorr    .         Harm     .   (gloves currently unavailable)
MR       .....     Clarity  +   (boots currently unavailable) Stlth ++........NoTele +
                                (no amulet)
HPRegen  0.24/turn              t - +1 ring of slaying
MPRegen  0.16/turn              L - +2 ring of strength

@: tree-form, protection aura
A: clarity, frail 1, high mp 1
a: no special abilities


You were on level 8 of the Dungeon.
You were not hungry.
You were a tree.
You visited 1 branch of the dungeon, and saw 8 of its levels.
You also visited: Ossuary.

You collected 470 gold pieces.

Inventory:

Hand Weapons
 f - a +0 short sword
 v - a +3 flail of protection (weapon)
 D - a +0 hand axe
 J - a +2 flail of holy wrath
Missiles
 o - a javelin (quivered)
 B - a throwing net
Armour
 a - a +0 robe
 p - a +0 cloak (melded)
 I - a +0 scale mail
 M - a +0 ring mail (melded)
Jewellery
 t - a +1 ring of slaying (left branch)
 C - an uncursed ring of poison resistance
 E - an uncursed amulet of magic regeneration {unknown}
 L - a +2 ring of strength (right branch)
Wands
 m - a wand of enslavement (12)
Scrolls
 b - 2 scrolls of fog {unknown}
 d - 5 scrolls of identify
 h - 7 scrolls of teleportation
 l - 3 scrolls of enchant weapon
 n - 3 scrolls of remove curse
 s - 2 scrolls of blinking {unknown}
 u - 7 scrolls of magic mapping {unknown}
 w - a scroll of noise {unknown}
 x - a scroll of random uselessness {unknown}
 y - a scroll of amnesia {unknown}
 H - a scroll of vulnerability {unknown}
 K - a scroll of immolation {unknown}
Potions
 e - 2 potions of resistance
 g - 3 potions of might
 i - a potion of brilliance {unknown}
 j - a potion of haste
 k - a potion of cancellation {unknown}
 r - a potion of lignification
 z - a potion of invisibility {unknown}
 A - a potion of mutation
 F - 2 potions of flight {unknown}
 G - a potion of curing {unknown}
Comestibles
 c - 10 rations
 N - 4 chunks of flesh


   Skills:
 - Level 1.1 Fighting
 - Level 6.3 Armour
 + Level 2.3 Dodging
 - Level 1.7 Stealth
 - Level 4.0 Spellcasting
 * Level 8.3 Conjurations
 - Level 6.0 Hexes
 - Level 5.0 Translocations
 + Level 1.2 Evocations


You had 2 spell levels left.
You knew the following spells:

 Your Spells              Type           Power        Failure   Level  Hunger
a - Magic Dart            Conj           ####         1%          1    None
b - Searing Ray           Conj           #####.       1%          2    #......
c - Dazzling Spray        Conj/Hex       #####.       1%          3    ##.....
d - Fulminant Prism       Conj/Hex       #####.....   5%          4    ####...
e - Force Lance           Conj/Tloc      #####...     7%          4    ####...

Your spell library contained the following spells:

 Spells                   Type           Power        Failure   Level  Hunger
 Shock                    Conj/Air       ###.         1%          1    None
 Sandblast                Erth           #.....       11%         1    None
 Passwall                 Tmut/Erth      #.......     16%         2    #......
 Swiftness                Chrm/Air       #.......     16%         2    #......
 Iskenderun's Mystic Bla  Conj           #####...     3%          4    ####...
 Static Discharge         Conj/Air       ###.....     6%          3    ##.....
 Stone Arrow              Conj/Erth      ###...       6%          3    ##.....
 Lightning Bolt           Conj/Air       ###.......   47%         5    ######.
 Airstrike                Air            #.........   71%         4    ####...
 Petrify                  Tmut/Erth      #.......     71%         4    ####...
 Lee's Rapid Deconstruct  Erth           #.........   96%         5    ######.


Dungeon Overview and Level Annotations

Branches:
Dungeon (8/15)             Temple (0/1) D:4
   Lair: D:8-11

Shops:
D:5 (

Annotations:
D:3 exclusion: black bear


Innate Abilities, Weirdness & Mutations

You have an increased reservoir of magic. (+10% MP)
You possess an exceptional clarity of mind.
You are frail. (-10% HP)


Message History

Autopickup is now on.
You hit the three-headed hydra.
The three-headed hydra is heavily wounded.
The three-headed hydra bites you but does no damage.
The three-headed hydra bites you.
* * * LOW HITPOINT WARNING * * *
The three-headed hydra bites you but does no damage.
The big kobold hits you but does no damage.
Your fulminant prism explodes!
The blast of energy engulfs the big kobold!!
You kill the big kobold!
The blast of energy engulfs the three-headed hydra!
The three-headed hydra is heavily wounded.
The three-headed hydra barely misses you.
The three-headed hydra bites you but does no damage. x2
You sock the three-headed hydra!
The three-headed hydra is severely wounded.
The three-headed hydra bites you but does no damage. x2
The three-headed hydra bites you.
You die...

..+ #........# (.# #........#
'###+# #........## ..P≈.#
#........'. %.≈≈P# #........##
..P)≈# #........#. D..≈P#
########......#.
)†≈PP#############.............#.
.#####........)D♣........>.....#.
.# ##......##....(........#.
.#########......##.(...........#.
...(((.......)..##.(.####.####.##
#...######......###.## #....##.#
#...# #......# #(# #.....#.#
#...# #.(...?# #(# #.....#.#
#...# #......# #(# #.....#.#
#...########.#### #(# #.....#.#


You could see a three-headed hydra.

Vanquished Creatures
  Joseph (D:7)
  A hippogriff (D:7)
  2 dream sheep (D:8)
  A wyvern (D:8)
  2 yaks (D:8)
  Edmund (D:3)
  Duvessa (D:6)
  An orc warrior (D:7)
  A black bear (D:7)
  An ice beast (D:7)
  4 ogres
  2 centaurs
  4 big kobolds (D:8)
  A bullfrog (D:3)
  Dowan (D:6)
  2 scorpions
  5 killer bees (D:7)
  3 wights (D:8)
  2 howler monkeys
  A bullfrog zombie (D:7)
  5 crimson imps
  4 centaur zombies
  A jelly (D:6)
  4 orc priests
  2 iguanas
  5 worker ants
  4 orc wizards
  A killer bee zombie (D:7)
  2 ogre zombies (Ossuary)
  A hound zombie (D:7)
  A hound skeleton (D:6)
  7 mummies (Ossuary)
  A worker ant zombie (D:5)
  8 gnolls
  9 adders
  A shadow imp (D:5)
  2 adder zombies (Ossuary)
  2 adder skeletons
  A worm (D:2)
  2 dart slugs (D:4)
  A leopard gecko (D:5)
  22 orcs
  3 giant cockroaches
  A gnoll zombie (Ossuary)
  12 goblins
  3 hobgoblins
  5 jackals
  5 quokkas
  7 bats
  7 frilled lizards
  2 goblin zombies
  8 hobgoblin zombies (Ossuary)
  16 kobolds
  6 kobold zombies (Ossuary)
  2 orc zombies (Ossuary)
  A quokka skeleton (D:5)
  5 quokka zombies (Ossuary)
  9 rats
  A rat zombie (D:5)
216 creatures vanquished.

Vanquished Creatures (others)
  15 fulminant prisms
15 creatures vanquished.

Grand Total: 231 creatures vanquished

Notes
Turn   | Place    | Note
-------+----------+-------------------------------------------
     0 | D:1      | Folque the Demigod Conjurer began the quest for the Orb.
     0 | D:1      | Reached XP level 1. HP: 14/14 MP: 5/5
   308 | D:1      | Reached XP level 2. HP: 21/22 MP: 5/7
   315 | D:1      | Learned a level 2 spell: Searing Ray
  1227 | D:2      | Reached skill level 1 in Fighting
  1341 | D:2      | Reached XP level 3. HP: 23/28 MP: 9/9
  1516 | D:2      | Found a faded altar of an unknown god.
  2178 | D:3      | Learned a level 3 spell: Dazzling Spray
  2192 | D:3      | Reached skill level 4 in Conjurations
  2430 | D:3      | Reached skill level 1 in Hexes
  2485 | D:3      | Noticed a black bear
  2534 | D:3      | Noticed an ogre
  2540 | D:3      | Reached XP level 4. HP: 32/35 MP: 5/11
  2863 | D:3      | Killed an ogre
  2863 | D:3      | Reached XP level 5. HP: 28/40 MP: 4/12
  3310 | D:4      | Found a snail-covered altar of Cheibriados.
  3335 | D:3      | Learned a level 4 spell: Fulminant Prism
  3507 | D:4      | Reached XP level 6. HP: 33/47 MP: 5/14
  3801 | D:4      | Found a staircase to the Ecumenical Temple.
  3969 | D:4      | Noticed Edmund
  4064 | D:3      | Killed Edmund
  4419 | D:5      | Entered Level 5 of the Dungeon
  4429 | D:5      | Found a sand-covered staircase.
  4455 | Ossuary  | Entered an ossuary
  4557 | Ossuary  | Reached skill level 5 in Conjurations
  4680 | Ossuary  | Reached XP level 7. HP: 52/52 MP: 10/16
  4822 | Ossuary  | Learned a level 4 spell: Force Lance
  5271 | D:5      | Reached skill level 5 in Hexes
  6169 | D:5      | Found Ofoar's Weapon Shoppe.
  6340 | D:6      | Reached XP level 8. HP: 46/59 MP: 2/17
  6455 | D:6      | Found a white marble altar of Elyvilon.
  6462 | D:6      | Reached skill level 1 in Armour
  6462 | D:6      | Reached skill level 6 in Conjurations
  6523 | D:6      | Reached skill level 1 in Translocations
  6824 | D:6      | Found an ornate altar of the Wu Jian Council.
  6829 | D:6      | Found a hazy altar of Hepliaklqana.
  6926 | D:6      | Found a radiant altar of Vehumet.
  7051 | D:6      | Found a shadowy altar of Dithmenos.
  7051 | D:6      | Found a basalt altar of Yredelemnul.
  7051 | D:6      | Noticed Duvessa
  7052 | D:6      | Noticed Dowan
  7060 | D:6      | Killed Duvessa
  7066 | D:6      | Killed Dowan
  7108 | D:6      | Found a shattered altar of Ashenzari.
  7569 | D:7      | Noticed Joseph
  7602 | D:7      | Killed Joseph
  7602 | D:7      | Reached skill level 5 in Armour
  7602 | D:7      | Reached skill level 7 in Conjurations
  7602 | D:7      | Reached XP level 9. HP: 53/64 MP: 3/18
  8612 | D:8      | Found a blossoming altar of Fedhas.
  9453 | D:8      | Reached skill level 5 in Translocations
  9460 | D:8      | Reached skill level 8 in Conjurations
  9463 | D:8      | Reached skill level 1 in Evocations
  9475 | D:8      | Noticed a three-headed hydra
  9514 | D:8      | Gained mutation: You are frail. (-10% HP) [potion of
                  | mutation]
  9514 | D:8      | Gained mutation: You possess an exceptional clarity of
                  | mind. [potion of mutation]
  9516 | D:8      | Slain by a three-headed hydra

Skill      XL: |  1  2  3  4  5  6  7  8  9 |
---------------+----------------------------+-----
Spellcasting   | 2 3 4 |  4.0
Fighting       | 1 |  1.1
Conjurations   | 4 5 7 8 |  8.3
Hexes          | 1 2 3 4 6 |  6.0
Armour         | 5 6 |  6.3
Translocations | 3 5 |  5.0
Dodging        | 2 |  2.3
Evocations     | 1 |  1.2
Stealth        | |  1.7

Action                   |  1- 3 |  4- 6 |  7- 9 || total
-------------------------+-------+-------+-------++-------
Melee: Unarmed           |    16 |       |       ||    16
       Short sword       |   100 |    43 |       ||   143
       Flail             |       |    23 |   204 ||   227
Throw: Javelin           |       |       |     6 ||     6
 Cast: Magic Dart        |    16 |     3 |     5 ||    24
       Searing Ray       |    11 |    17 |    47 ||    75
       Dazzling Spray    |       |     4 |    24 ||    28
       Fulminant Prism   |       |     2 |    13 ||    15
       Force Lance       |       |       |    11 ||    11
Evoke: Wand              |       |       |     3 ||     3
  Use: Scroll            |       |       |    10 ||    10
       Potion            |       |       |    10 ||    10
 Stab: Sleeping          |     3 |     4 |     5 ||    12
       Invisible         |       |       |     5 ||     5
  Eat: Chunk             |     6 |     7 |    16 ||    29
       Ration            |       |       |     2 ||     2
Armor: Robe              |    28 |    15 |    34 ||    77
       Skin              |       |       |   143 ||   143
       Ring mail         |       |       |    28 ||    28
       Scale mail        |       |       |    18 ||    18
Dodge: Dodged            |    92 |    56 |   176 ||   324
